TOP OF THE 1ST |
University of Oklahoma Sooners batting - Pitching for Coastal Carolina University Chanticleers : RHP Raymond Goodwin
|
Pitching: RHP Raymond Goodwin
|
|
Batting: RHB Ruben Arreola
|
0-0: Ball 1-0: Ball 2-0: Called Strike 2-1: Foul Ball, location: 2F 2-2: Ball 3-2: Base on Balls
|
Batting: RHB Estevan Carrillo
|
0-0: Ball 1-0: Ball 2-0: Ball 3-0: Called Strike 3-1: Foul Ball, location: 2F 3-2: Strikes out swinging
|
Batting: LHB Alex Gutierrez
|
0-0: Called Strike 0-1: Swinging Strike 0-2: Strikes out swinging
|
Batting: LHB Jeremy Rideout
|
0-0: Ball 1-0: Fly out, F6 (Line Drive, 56D, EV 73.1 MPH)
|
Top of the 1st over - 0 runs, 0 hits, 0 errors, 1 left on base; University of Oklahoma 0 - Coastal Carolina University 0 |
BOTTOM OF THE 1ST |
Coastal Carolina University Chanticleers batting - Pitching for University of Oklahoma Sooners : RHP Steve Vint
|
Pitching: RHP Steve Vint
|
|
Batting: RHB Mennad Maalik
|
0-0: Foul Ball, location: 2F 0-1: Ground out 2-3 (Groundball, 15S, EV 75.6 MPH)
|
Batting: RHB Hidemitsu Matsuno
|
0-0: Fly out, F9 (Flyball, 9D, EV 103.1 MPH)
|
Batting: LHB David Ramirez
|
0-0: Called Strike 0-1: Ball 1-1: SINGLE (Line Drive, 7LS, EV 88.1 MPH)
|
Batting: RHB Masakuni Takeuchi
|
0-0: Ball 1-0: Ball 2-0: Ground out 4-3 (Groundball, 4, EV 103.8 MPH)
|
Bottom of the 1st over - 0 runs, 1 hit, 0 errors, 1 left on base; University of Oklahoma 0 - Coastal Carolina University 0 |
TOP OF THE 2ND |
University of Oklahoma Sooners batting - Pitching for Coastal Carolina University Chanticleers : RHP Raymond Goodwin
|
Batting: RHB Leo Lopez
|
0-0: Ball 1-0: Ball 2-0: Called Strike 2-1: Ground out 5-3 (Groundball, 5, EV 110.0 MPH)
|
Batting: RHB Han Caspers
|
0-0: Foul Ball, location: 2F 0-1: Ball 1-1: Ball 2-1: Fly out, F9 (Flyball, 9, EV 80.0 MPH)
|
Batting: RHB Victor Borras
|
0-0: Ball 1-0: Swinging Strike 1-1: Ball 2-1: Foul Ball, location: 2F 2-2: Ball 3-2: Foul Ball, location: 2F 3-2: Fly out, F7 (Flyball, 78M, EV 78.1 MPH)
|
Top of the 2nd over - 0 runs, 0 hits, 0 errors, 0 left on base; University of Oklahoma 0 - Coastal Carolina University 0 |
BOTTOM OF THE 2ND |
Coastal Carolina University Chanticleers batting - Pitching for University of Oklahoma Sooners : RHP Steve Vint
|
Batting: RHB Ji-an See-to
|
0-0: Ball 1-0: Foul Ball, location: 2F 1-1: Swinging Strike 1-2: Strikes out looking
|
Batting: LHB Israel Jaramillo
|
0-0: Ball 1-0: Foul Ball, location: 2F 1-1: Foul Ball, location: 2F 1-2: SINGLE (Line Drive, 89S, EV 93.8 MPH)
|
Batting: RHB Chris Marcellus
|
0-0: Ball 1-0: Ball 2-0: Foul Ball, location: 2F 2-1: Called Strike 2-2: Strikes out looking
|
Batting: RHB Cruz Castro
|
0-0: Called Strike 0-1: Called Strike 0-2: Foul Ball, location: 2F 0-2: Ball 1-2: Ground out 1-3 (Groundball, 13S, EV 70.6 MPH)
|
Bottom of the 2nd over - 0 runs, 1 hit, 0 errors, 1 left on base; University of Oklahoma 0 - Coastal Carolina University 0 |
TOP OF THE 3RD |
University of Oklahoma Sooners batting - Pitching for Coastal Carolina University Chanticleers : RHP Raymond Goodwin
|
Pitching: RHP Oscar Fajardo
|
|
Batting: LHB Jim Unknown
|
0-0: Ball 1-0: Called Strike 1-1: Called Strike 1-2: Strikes out swinging
|
Batting: RHB Jim Unknown
|
0-0: Foul Ball, location: 2F 0-1: Ball 1-1: Called Strike 1-2: Ball 2-2: Foul Ball, location: 2F 2-2: Strikes out looking
|
Batting: RHB Ruben Arreola
|
0-0: Ball 1-0: Ball 2-0: Foul Ball, location: 2F 2-1: Called Strike 2-2: Ground out 3-1 (Groundball, 34, EV 85.6 MPH)
|
Top of the 3rd over - 0 runs, 0 hits, 0 errors, 0 left on base; University of Oklahoma 0 - Coastal Carolina University 0 |
BOTTOM OF THE 3RD |
Coastal Carolina University Chanticleers batting - Pitching for University of Oklahoma Sooners : RHP Steve Vint
|
Batting: SHB Jim Unknown
|
0-0: Ball 1-0: Ball 2-0: Foul Ball, location: 2F 2-1: Foul Ball, location: 2F 2-2: Ball 3-2: Strikes out swinging
|
Batting: RHB Mennad Maalik
|
0-0: Ball 1-0: Foul Ball, location: 2F 1-1: Ball 2-1: Called Strike 2-2: Strikes out swinging
|
Batting: RHB Hidemitsu Matsuno
|
0-0: Ball 1-0: Ball 2-0: Ground out 6-3 (Groundball, 56, EV 80.6 MPH)
|
Bottom of the 3rd over - 0 runs, 0 hits, 0 errors, 0 left on base; University of Oklahoma 0 - Coastal Carolina University 0 |
TOP OF THE 4TH |
University of Oklahoma Sooners batting - Pitching for Coastal Carolina University Chanticleers : RHP Oscar Fajardo
|
Batting: RHB Estevan Carrillo
|
0-0: Ball 1-0: Ball 2-0: Called Strike 2-1: SINGLE (Line Drive, 7LS, EV 95.0 MPH)
|
Batting: LHB Alex Gutierrez
|
0-0: Called Strike 0-1: Swinging Strike 0-2: Foul Ball, location: 2F 0-2: Ball 1-2: Strikes out swinging
|
Batting: LHB Jeremy Rideout
|
0-0: Called Strike 0-1: Swinging Strike 0-2: Foul Ball, location: 2F 0-2: Ball 1-2: Ball 2-2: Strikes out looking
|
Batting: RHB Leo Lopez
|
0-0: SINGLE (Groundball, 56D, EV 108.8 MPH) Estevan Carrillo to second
|
Pitching: RHP Jim Unknown
|
|
Batting: RHB Han Caspers
|
0-0: Called Strike 0-1: Swinging Strike 0-2: Strikes out swinging
|
Top of the 4th over - 0 runs, 2 hits, 0 errors, 2 left on base; University of Oklahoma 0 - Coastal Carolina University 0 |
BOTTOM OF THE 4TH |
Coastal Carolina University Chanticleers batting - Pitching for University of Oklahoma Sooners : RHP Steve Vint
|
Batting: LHB David Ramirez
|
0-0: Called Strike 0-1: Ball 1-1: Ball 2-1: Swinging Strike 2-2: Ground out 5-3 (Groundball, 5, EV 92.5 MPH)
|
Batting: RHB Masakuni Takeuchi
|
0-0: Ball 1-0: Ball 2-0: SINGLE (Groundball, 4MD, EV 94.4 MPH)
|
Batting: RHB Ji-an See-to
|
0-0: Grounds into double play, 5-4-3 (Groundball, 56S, EV 91.2 MPH)
|
Bottom of the 4th over - 0 runs, 1 hit, 0 errors, 0 left on base; University of Oklahoma 0 - Coastal Carolina University 0 |
TOP OF THE 5TH |
University of Oklahoma Sooners batting - Pitching for Coastal Carolina University Chanticleers : RHP Jim Unknown
|
Batting: RHB Victor Borras
|
0-0: Ball 1-0: Ball 2-0: Called Strike 2-1: Swinging Strike 2-2: Strikes out looking
|
Batting: LHB Jim Unknown
|
0-0: Ball 1-0: Ball 2-0: Ball 3-0: Called Strike 3-1: Foul Ball, location: 2F 3-2: Base on Balls
|
Batting: RHB Jim Unknown
|
0-0: Ball 1-0: Reached on error, E5 (Groundball, 5, EV 90.6 MPH) Jim Unknown to second
|
Batting: RHB Ruben Arreola
|
0-0: Ball 1-0: Called Strike 1-1: Ball 2-1: Ball 3-1: Called Strike 3-2: SINGLE (Groundball, 6MD, EV 102.5 MPH) Jim Unknown to third Jim Unknown to second Runner from 3rd tries for Home, SAFE, throw by CF to home
|
Batting: RHB Estevan Carrillo
|
0-0: Foul Ball, location: 2F 0-1: Fielders Choice at 2nd, 4-6 (Groundball, 4, EV 96.2 MPH) Jim Unknown to third
|
Batting: LHB Alex Gutierrez
|
0-0: Hit by Pitch Estevan Carrillo to second
|
Batting: LHB Jeremy Rideout
|
0-0: Ball 1-0: Ball 2-0: Ball 3-0: Called Strike 3-1: Base on Balls Jim Unknown scores Estevan Carrillo to third Alex Gutierrez to second
|
Batting: RHB Leo Lopez
|
0-0: Ball 1-0: Ball 2-0: Ball 3-0: Called Strike 3-1: Base on Balls Estevan Carrillo scores Alex Gutierrez to third Jeremy Rideout to second
|
Batting: RHB Han Caspers
|
0-0: Swinging Strike 0-1: Swinging Strike 0-2: Ball 1-2: Ball 2-2: GRAND SLAM HOME RUN (Flyball, 9D, EV 100.6 MPH), Distance : 369 ft
|
Pitching: LHP Jim Unknown
|
|
Batting: RHB Victor Borras
|
0-0: Foul Ball, location: 2F 0-1: Foul Ball, location: 2F 0-2: Ball 1-2: Foul Ball, location: 2F 1-2: Ball 2-2: SINGLE (Groundball, 6MD, EV 102.5 MPH)
|
Batting: LHB Jim Unknown
|
0-0: Foul Ball, location: 2F 0-1: Ball 1-1: Ball 2-1: Ball 3-1: Base on Balls Victor Borras to second
|
Batting: RHB Jim Unknown
|
0-0: Ball 1-0: Ball 2-0: Reached on error, E5 (Groundball, 56S, EV 81.2 MPH) Victor Borras to third Jim Unknown to second
|
Batting: RHB Ruben Arreola
|
0-0: Called Strike 0-1: Fly out, F8 (Flyball, 8RM, EV 88.1 MPH)
|
Top of the 5th over - 7 runs, 3 hits, 2 errors, 3 left on base; University of Oklahoma 7 - Coastal Carolina University 0 |
BOTTOM OF THE 5TH |
Coastal Carolina University Chanticleers batting - Pitching for University of Oklahoma Sooners : RHP Steve Vint
|
Batting: LHB Israel Jaramillo
|
0-0: Ball 1-0: Foul Ball, location: 2F 1-1: Swinging Strike 1-2: Ball 2-2: Ball 3-2: SINGLE (Groundball, 4MD, EV 105.6 MPH)
|
Batting: RHB Chris Marcellus
|
0-0: Foul Ball, location: 2F 0-1: Fly out, F8 (Flyball, 8RD, EV 72.5 MPH)
|
Batting: RHB Cruz Castro
|
0-0: Called Strike 0-1: Grounds into double play, 5-4-3 (Groundball, 5S, EV 83.1 MPH)
|
Bottom of the 5th over - 0 runs, 1 hit, 0 errors, 0 left on base; University of Oklahoma 7 - Coastal Carolina University 0 |
TOP OF THE 6TH |
University of Oklahoma Sooners batting - Pitching for Coastal Carolina University Chanticleers : LHP Jim Unknown
|
Batting: RHB Estevan Carrillo
|
0-0: Ball 1-0: Ball 2-0: Ball 3-0: Called Strike 3-1: Called Strike 3-2: Ground out 5-3 (Groundball, 56S, EV 91.9 MPH)
|
Batting: LHB Alex Gutierrez
|
0-0: Ball 1-0: Ball 2-0: Fly out, F8 (Flyball, 8LM, EV 82.5 MPH)
|
Batting: LHB Jeremy Rideout
|
0-0: Called Strike 0-1: Ball 1-1: Ball 2-1: SINGLE (Line Drive, 3D, EV 97.5 MPH)
|
Batting: RHB Leo Lopez
|
0-0: Ground out 2-3 (Groundball, 15S, EV 68.1 MPH)
|
Top of the 6th over - 0 runs, 1 hit, 0 errors, 1 left on base; University of Oklahoma 7 - Coastal Carolina University 0 |
BOTTOM OF THE 6TH |
Coastal Carolina University Chanticleers batting - Pitching for University of Oklahoma Sooners : RHP Steve Vint
|
Batting: SHB Jim Unknown
|
0-0: Ball 1-0: Swinging Strike 1-1: Foul Ball, location: 2F 1-2: Reached on error, E2 (Groundball, 2R, EV 71.2 MPH)
|
Batting: RHB Mennad Maalik
|
0-0: Fielders Choice at 2nd, 6-4 (Groundball, 6, EV 86.9 MPH)
|
Batting: RHB Hidemitsu Matsuno
|
0-0: Ball 1-0: Ball 2-0: DOUBLE (Line Drive, 89XD, EV 108.1 MPH) Mennad Maalik to third
|
Batting: LHB David Ramirez
|
0-0: Ball 1-0: SINGLE (Line Drive, 3D, EV 95.6 MPH) Mennad Maalik scores Hidemitsu Matsuno to third
|
Batting: RHB Masakuni Takeuchi
|
0-0: Called Strike David Ramirez is caught stealing 2nd base 2-4 0-1: SINGLE (Groundball, 6MD, EV 96.9 MPH) Hidemitsu Matsuno scores
|
Pitching: LHP Brandon Lahoda
|
|
Batting: RHB Ji-an See-to
|
0-0: Ball 1-0: Foul Ball, location: 2F 1-1: Ball 2-1: Ball 3-1: Ground out 5-3 (Groundball, 5S, EV 73.8 MPH)
|
Bottom of the 6th over - 2 runs, 3 hits, 1 error, 1 left on base; University of Oklahoma 7 - Coastal Carolina University 2 |
TOP OF THE 7TH |
University of Oklahoma Sooners batting - Pitching for Coastal Carolina University Chanticleers : LHP Jim Unknown
|
Batting: RHB Han Caspers
|
0-0: Ball 1-0: Ball 2-0: Called Strike 2-1: Ball 3-1: Base on Balls
|
Batting: RHB Victor Borras
|
0-0: Fly out, F3 (Popup, 34S, EV 82.5 MPH)
|
Batting: LHB Jim Unknown
|
0-0: Called Strike 0-1: Foul Ball, location: 2F 0-2: Ball 1-2: Fly out, F8 (Flyball, 8RM, EV 83.8 MPH)
|
Batting: RHB Jim Unknown
|
0-0: Ball 1-0: Ball 2-0: Called Strike 2-1: Called Strike Han Caspers steals 2nd base 2-2: SINGLE (Groundball, 56D, EV 95.6 MPH) Han Caspers to third Runner from 3rd tries for Home, SAFE, throw by LF to home
|
Batting: RHB Ruben Arreola
|
0-0: Ball 1-0: Ball 2-0: Ball 3-0: Base on Balls Jim Unknown to second
|
Batting: RHB Estevan Carrillo
|
0-0: Called Strike 0-1: Fly out, F7 (Flyball, 7, EV 90.0 MPH)
|
Top of the 7th over - 1 run, 1 hit, 0 errors, 2 left on base; University of Oklahoma 8 - Coastal Carolina University 2 |
BOTTOM OF THE 7TH |
Coastal Carolina University Chanticleers batting - Pitching for University of Oklahoma Sooners : LHP Brandon Lahoda
|
Batting: LHB Israel Jaramillo
|
0-0: Ball 1-0: Called Strike 1-1: Ball 2-1: Ball 3-1: Ground out 4-3 (Groundball, 4M, EV 106.2 MPH)
|
Batting: RHB Chris Marcellus
|
0-0: Ball 1-0: Ground out U3 (Groundball, 34S, EV 88.1 MPH)
|
Batting: RHB Cruz Castro
|
0-0: Ball 1-0: Called Strike 1-1: Foul Ball, location: 2F 1-2: Foul Ball, location: 2F 1-2: Ball 2-2: Strikes out swinging
|
Bottom of the 7th over - 0 runs, 0 hits, 0 errors, 0 left on base; University of Oklahoma 8 - Coastal Carolina University 2 |
TOP OF THE 8TH |
University of Oklahoma Sooners batting - Pitching for Coastal Carolina University Chanticleers : LHP Jim Unknown
|
Batting: LHB Alex Gutierrez
|
0-0: Ball 1-0: Ball 2-0: Ball 3-0: Base on Balls
|
Batting: LHB Jeremy Rideout
|
0-0: Ball 1-0: Foul Ball, location: 2F 1-1: Fly out, F9 (Flyball, 89M, EV 95.0 MPH)
|
Batting: RHB Leo Lopez
|
0-0: Called Strike Alex Gutierrez is caught stealing 2nd base 2-4 0-1: Ball 1-1: Ball 2-1: Ball 3-1: Foul Ball, location: 2F 3-2: Base on Balls
|
Batting: RHB Han Caspers
|
0-0: Ground out U3 (Groundball, 34S, EV 85.6 MPH)
|
Top of the 8th over - 0 runs, 0 hits, 0 errors, 1 left on base; University of Oklahoma 8 - Coastal Carolina University 2 |
BOTTOM OF THE 8TH |
Coastal Carolina University Chanticleers batting - Pitching for University of Oklahoma Sooners : LHP Brandon Lahoda
|
Batting: SHB Jim Unknown
|
0-0: Ball 1-0: Ball 2-0: Ball 3-0: Base on Balls
|
Batting: RHB Mennad Maalik
|
0-0: Called Strike 0-1: Ball 1-1: Ball 2-1: Ball 3-1: Foul Ball, location: 2F 3-2: Base on Balls Jim Unknown to second
|
Batting: RHB Hidemitsu Matsuno
|
0-0: Fly out, F8 (Flyball, 8LXD, EV 92.5 MPH) Runner from 2nd tags up, SAFE at 3rd, no throw by CF
|
Batting: LHB David Ramirez
|
0-0: Grounds into double play, 3-6-3 (Groundball, 3, EV 105.0 MPH)
|
Bottom of the 8th over - 0 runs, 0 hits, 0 errors, 1 left on base; University of Oklahoma 8 - Coastal Carolina University 2 |
TOP OF THE 9TH |
University of Oklahoma Sooners batting - Pitching for Coastal Carolina University Chanticleers : LHP Jim Unknown
|
Batting: RHB Victor Borras
|
0-0: Called Strike 0-1: Ball 1-1: Called Strike 1-2: Ball 2-2: Ball 3-2: SINGLE (Groundball, 6D, EV 111.2 MPH)
|
Pitching: RHP Jim Unknown
|
|
Batting: LHB Jim Unknown
|
0-0: SINGLE (Groundball, 4MD, EV 98.8 MPH) Victor Borras to second
|
Batting: RHB Jim Unknown
|
0-0: Ball 1-0: Ball 2-0: Called Strike 2-1: SINGLE (Groundball, 56, EV 109.4 MPH) Victor Borras to third Jim Unknown to second
|
Batting: RHB Ruben Arreola
|
0-0: Ball 1-0: Grounds into double play, 6-4-3 (Groundball, 6S, EV 80.0 MPH) Victor Borras scores Jim Unknown to third
|
Batting: RHB Estevan Carrillo
|
0-0: Fly out, F9 (Flyball, 9S, EV 76.9 MPH)
|
Top of the 9th over - 1 run, 3 hits, 0 errors, 1 left on base; University of Oklahoma 9 - Coastal Carolina University 2 |
BOTTOM OF THE 9TH |
Coastal Carolina University Chanticleers batting - Pitching for University of Oklahoma Sooners : LHP Brandon Lahoda
|
Batting: RHB Masakuni Takeuchi
|
0-0: Foul Ball, location: 2F 0-1: Called Strike 0-2: Ball 1-2: Ball 2-2: Ball 3-2: Base on Balls
|
Pitching: RHP Doug Hafer
|
|
Pinch Hitting: RHB Justin Klein
|
0-0: Ball 1-0: Ball 2-0: 2-RUN HOME RUN (Flyball, 7D, EV 103.1 MPH), Distance : 376 ft
|
Batting: LHB Israel Jaramillo
|
0-0: Ball 1-0: Foul Ball, location: 2F 1-1: SINGLE (Groundball, 6D, EV 96.2 MPH)
|
Batting: RHB Chris Marcellus
|
0-0: Ball 1-0: Called Strike 1-1: Foul Ball, location: 2F 1-2: Ball 2-2: Foul Ball, location: 2F 2-2: Ball 3-2: Base on Balls Israel Jaramillo to second
|
Batting: RHB Cruz Castro
|
0-0: Ball 1-0: Ball 2-0: SINGLE (Groundball, 6S, EV 72.5 MPH) (infield hit) Israel Jaramillo to third Chris Marcellus to second
|
Batting: SHB Jim Unknown
|
0-0: Ball 1-0: Called Strike 1-1: Foul Ball, location: 2F 1-2: Foul Ball, location: 2F 1-2: Strikes out swinging
|
Batting: RHB Mennad Maalik
|
0-0: Ball 1-0: Called Strike 1-1: Ball 2-1: Ball 3-1: Base on Balls Israel Jaramillo scores Chris Marcellus to third Cruz Castro to second
|
Pitching: RHP Alberto Zumaya
|
|
Batting: RHB Hidemitsu Matsuno
|
0-0: Ball 1-0: Ball 2-0: Reached via error on a dropped throw from 2B, E6 (Groundball, 4, EV 103.8 MPH) Chris Marcellus scores Cruz Castro to third Mennad Maalik to second
|
Batting: LHB David Ramirez
|
0-0: Called Strike 0-1: Called Strike 0-2: DOUBLE (Line Drive, 78D, EV 107.5 MPH) Cruz Castro scores Mennad Maalik scores Hidemitsu Matsuno to third
|
Batting: RHB Masakuni Takeuchi
|
0-0: Intentional Walk
|
Batting: RHB Justin Klein
|
0-0: Ball 1-0: Called Strike 1-1: Fly out, F7 (Flyball, 78S, EV 90.0 MPH)
|
Batting: LHB Israel Jaramillo
|
0-0: Called Strike 0-1: Swinging Strike 0-2: Ball 1-2: Foul Ball, location: 2F 1-2: Foul Ball, location: 2F 1-2: Ball 2-2: Ball 3-2: Ground out 4-3 (Groundball, 4, EV 81.2 MPH)
|
Bottom of the 9th over - 6 runs, 4 hits, 1 error, 3 left on base; University of Oklahoma 9 - Coastal Carolina University 8 |
|